 Dungeon Crawl Stone Soup version 0.25-a0-667-gb977e01cb5 (webtiles) character file.

Game seed: 6791815683617833804, levelgen mode: deterministic

25 Error4North the Shield-Bearer (level 3, 0/33 HPs)
             Began as a Hill Orc Fighter on Mar 27, 2020.
             Slain by a hungry ghost (2 damage)
             ... on level 2 of the Dungeon.
             The game lasted 00:02:00 (900 turns).

Error4North the Shield-Bearer (Hill Orc Fighter)     Turns: 900, Time: 00:02:01

Health: 0/33       AC:  6    Str: 19    XL:     3   Next: 6%
Magic:  3/3        EV:  7    Int:  8    God:
Gold:   58         SH:  9    Dex: 10    Spells: 2/2 levels left

rFire    . . .     SeeInvis .   a - +0 war axe
rCold    . . .     Gourm    .   c - +0 kite shield
rNeg     . . .     Faith    .   b - +0 scale mail
rPois    .         Spirit   .   (no helmet)
rElec    .         Reflect  .   (no cloak)
rCorr    .         Harm     .   (no gloves)
MR       .....                  (no boots)
Stlth    ..........             (no amulet)
HPRegen  0.11/turn              (no ring)
MPRegen  0.08/turn              (no ring)

@: no status effects
A: no striking features
a: no special abilities


You were on level 2 of the Dungeon.
You were hungry.

You visited 1 branch of the dungeon, and saw 2 of its levels.

You collected 58 gold pieces.

Inventory:

Hand Weapons
 a - a +0 war axe (weapon)
Armour
 b - a +0 scale mail (worn)
 c - a +0 kite shield (worn)
Jewellery
 e - a +5 ring of protection {unknown}
Scrolls
 g - 2 scrolls of remove curse {unknown}
 h - 2 scrolls of magic mapping {unknown}
 j - 2 scrolls of enchant armour {unknown}
 l - a scroll of identify {unknown}
Potions
 d - a potion of might
 i - a potion of lignification {unknown}
 k - a potion of invisibility {unknown}
Comestibles
 f - 2 rations


   Skills:
 + Level 3.8 Fighting
 + Level 3.0 Axes
 * Level 3.4 Armour
 + Level 0.1 Dodging
 + Level 0.3 Stealth
 * Level 3.9 Shields


You had 2 spell levels left.
You didn't know any spells.
Your spell library was empty.

Dungeon Overview and Level Annotations

Branches:
Dungeon (2/15)

Altars:


Message History

You are feeling hungry.
The hungry ghost hits you.
* * * LOW HITPOINT WARNING * * *
You are feeling very hungry.
You eat one of the 3 rations.
That ration really hit the spot!
The hungry ghost hits you.
You feel a lot more hungry.
You slash the hungry ghost!
The hungry ghost is heavily damaged.
The hungry ghost hits you.
* * * LOW HITPOINT WARNING * * *
You feel a lot more hungry.
You closely miss the hungry ghost.
The hungry ghost is heavily damaged.
You block the hungry ghost's attack. The hungry ghost hits you.
* * * LOW HITPOINT WARNING * * *
You are feeling hungry.
You closely miss the hungry ghost.
The hungry ghost is heavily damaged.
The hungry ghost hits you.
You die...

## .. #########
#. #.......#.# ..
#######.#.W......
#. ........#@# #.
#####.#.# #.
#.......#
#.#####<
##.###.###
#.......
#...##.#####
#######.
#.##.#..#......
## #......)..##
#######.### #
##.## ##.


You could see a hungry ghost.

Vanquished Creatures
  An ooze (D:2)
  A worm (D:2)
  A leopard gecko (D:2)
  2 goblins (D:1)
  2 hobgoblins (D:1)
  4 jackals (D:2)
  2 kobolds
  A bat (D:1)
  A rat (D:1)
15 creatures vanquished.

Notes
Turn   | Place    | Note
-------+----------+-------------------------------------------
     0 | D:1      | Error4North the Hill Orc Fighter began the quest for the
                  | Orb.
     0 | D:1      | Reached XP level 1. HP: 19/19 MP: 1/1
   546 | D:1      | Reached XP level 2. HP: 27/27 MP: 2/2
   847 | D:2      | Reached XP level 3. HP: 29/33 MP: 3/3
   861 | D:2      | Noticed a hungry ghost
   882 | D:2      | Paralysed by fainting for 7 turns
   900 | D:2      | Slain by a hungry ghost

Levels and vault maps discovered:
D:1:      saegor_arrival_simple_a, layout_loops_cross
D:2:      cheibrodos_greedy_goblins, layout_loops_corners,
          nicolae_tso_carved_into_rock

Skill      XL: |  1  2 |
---------------+-------+-----
Axes           | 3 |  3.0
Fighting       | |  3.8
Armour         | |  3.4
Dodging        | |  0.1
Stealth        | |  0.3
Shields        | |  3.9

Action                   || total
-------------------------++-------
Melee: War axe           ||    92
  Eat: Chunk             ||     3
       Ration            ||     2
Armor: Scale mail        ||    52
Dodge: Dodged            ||    39
Block: Kite shield       ||    56

Table legend:
 A = Non-vault XP
 B = Vault XP
 C = Vault XP percentage of total XP
 D = Non-vault monster count
 E = Vault monster count
 F = Vault count percentage of total count
                 A         B        C        D         E       F
            +---------+---------+-------+---------+---------+-------
      Total |      37 |       0 |   0.0 |      15 |       0 |   0.0
            +---------+---------+-------+---------+---------+-------
        D:1 |      12 |       0 |   0.0 |       7 |       0 |   0.0
        D:2 |      25 |       0 |   0.0 |       8 |       0 |   0.0
            +---------+---------+-------+---------+---------+-------
